 Dungeon Crawl Stone Soup version 0.29.1-15-g9cfb28693d (webtiles) character file.

Game seed: 10106453532132323669

449 Jase the Shield-Bearer (level 7, 0/55 HPs)
             Began as a Formicid Fighter on Apr 20, 2023.
             Slain by Pikel
             ... wielding a +2 whip of flaming
              (2 damage)
             ... on level 5 of the Dungeon.
             The game lasted 00:07:44 (4563 turns).

Jase the Shield-Bearer (Formicid Fighter)           Turns: 4563, Time: 00:07:44

Health: 0/55       AC: 11    Str: 22    XL:     7   Next: 25%
Magic:  7/7        EV:  7    Int:  8    God:
Gold:   257        SH:  5    Dex: 13    Spells: 6/6 levels left

rFire   . . .      SeeInvis +   a - +0 flail
rCold   . . .      Faith    .   c - +0 buckler
rNeg    . . .      Spirit   .   z - +0 chain mail
rPois   .          Reflect  .   (helmet unavailable)
rElec   .          Harm     .   (no cloak)
rCorr   +          Rampage  .   n - +1 pair of gloves
Will    .....                   (no boots)
Stlth   ..........              (no amulet)
HPRegen 0.18/turn               x - ring of resist corrosion
MPRegen 0.10/turn               (no ring)

@: mighty
A: permanent stasis, dig shafts and tunnels, antennae 3, four strong arms
a: Dig, Shaft Self


You were on level 5 of the Dungeon.
You visited 1 branch of the dungeon, and saw 5 of its levels.

You collected 257 gold pieces.

Inventory:

Hand Weapons
 a - a +0 flail (weapon)
 b - a +1 sling of freezing
Missiles
 g - 40 stones
 p - 5 poisoned darts
 t - 2 silver boomerangs
Armour
 c - a +0 buckler (worn)
 n - a +1 pair of gloves (worn)
 z - a +0 chain mail (worn)
Jewellery
 x - a ring of resist corrosion (left hand)
Scrolls
 i - 2 scrolls of noise {unknown}
 j - 2 scrolls of immolation
 k - 2 scrolls of enchant armour
 q - a scroll of silence {unknown}
 y - a scroll of vulnerability {unknown}
Potions
 d - a potion of might
 e - a potion of degeneration {unknown}
 f - 2 potions of ambrosia
 l - 2 potions of curing
 o - a potion of heal wounds
 u - 2 potions of brilliance {unknown}
 v - 2 potions of invisibility {unknown}
 w - a potion of magic


   Skills:
 + Level 4.7 Fighting
 * Level 4.8 Maces & Flails
 + Level 4.7 Armour
 + Level 5.8 Shields


You had 6 spell levels left.
You didn't know any spells.
Your spell library was empty.

Dungeon Overview and Level Annotations

Branches:
Dungeon (5/15)
 Temple: D:4-7

Altars:

Shops:
D:2 (=:

Annotations:
D:3 1 runed translucent door, Crazy Yiuf
D:5 Eustachio, Pikel


Innate Abilities, Weirdness & Mutations

You cannot be hasted, slowed, berserked, paralysed or teleported.
You can dig through walls and to a lower floor.
You have a pair of large antennae on your head. (SInv)
Your four strong arms can wield two-handed weapons with a shield.


Message History

You barely miss Pikel.
Pikel is heavily wounded.
Pikel hits you with a +2 whip of flaming.
Pikel burns you.
You completely miss Pikel.
Pikel is heavily wounded.
Pikel hits you with a +2 whip of flaming.
Pikel burns you.
Pikel hits you with a +2 whip of flaming.
Pikel burns you.
You barely miss Pikel.
Pikel is heavily wounded.
Pikel barely misses you.
You hit Pikel.
Pikel is heavily wounded.
Pikel hits you but does no damage.
You closely miss Pikel.
Pikel is heavily wounded.
Pikel hits you with a +2 whip of flaming.
Pikel burns you.
You hit Pikel but do no damage.
Pikel is heavily wounded.
Pikel hits you with a +2 whip of flaming!
* * * LOW HITPOINT WARNING * * *
Pikel burns you.
* * * LOW HITPOINT WARNING * * *
You closely miss Pikel.
Pikel is heavily wounded.
Pikel checks his coin pouch and frowns.
Pikel hits you with a +2 whip of flaming.
* * * LOW HITPOINT WARNING * * *
Pikel burns you.
* * * LOW HITPOINT WARNING * * *
Pikel closely misses you.
You hit Pikel but do no damage.
Pikel is heavily wounded.
Pikel hits you with a +2 whip of flaming.
* * * LOW HITPOINT WARNING * * *
Pikel burns you.
You die...

### ### ####### ..#
#...###.5K@.# #.#####
#.....5##.# ..#...#
#......##.# 5@#.#.#
#......##.# .##.#.#
#.......#.# .5..#.#
#.#####.#.#
#####.#{#.........####
#{#.{..####.#....#
#{#.. #.#<##.#


You could see Pikel and 2 lemures.

Vanquished Creatures
  Grinder (D:5)
  A jelly (D:4)
  An iguana (D:4)
  An orc priest (D:4)
  An orc wizard (D:3)
  Robin (D:2)
  4 gnolls
  An adder (D:3)
  A dart slug (D:2)
  4 orcs
  2 bats
  5 endoplasms
  2 giant cockroaches
  16 goblins
  10 hobgoblins
  5 jackals (D:1)
  6 kobolds
  3 quokkas
  4 ball pythons
  7 frilled lizards
  8 rats
  A spectral hobgoblin (D:2)
85 creatures vanquished.

Vanquished Creatures (others)
  An orc (D:5)
1 creature vanquished.

Grand Total: 86 creatures vanquished

Notes
Turn   | Place    | Note
-------+----------+-------------------------------------------
     0 | D:1      | Jase the Formicid Fighter began the quest for the Orb.
     0 | D:1      | Reached XP level 1. HP: 18/18 MP: 1/1
   112 | D:1      | Reached XP level 2. HP: 22/24 MP: 2/2
   550 | D:1      | Reached XP level 3. HP: 24/29 MP: 3/3
  1135 | D:2      | Found Tocuog's Antique Weapon Emporium.
  1305 | D:2      | Found Ythror's One-of-a-Kind Rings.
  1402 | D:2      | Found a faded altar of an unknown god.
  1469 | D:2      | Reached XP level 4. HP: 37/37 MP: 4/4
  1494 | D:2      | Noticed Robin
  1504 | D:2      | Killed Robin
  1648 | D:2      | Found Napil's Vocational Training.
  2094 | D:3      | Found a runed translucent door.
  2095 | D:3      | Noticed Crazy Yiuf
  2295 | D:3      | Reached XP level 5. HP: 19/42 MP: 5/5
  3398 | D:4      | Reached skill level 5 in Shields
  3826 | D:5      | Entered Level 5 of the Dungeon
  3832 | D:4      | Reached XP level 6. HP: 45/48 MP: 6/6
  3929 | D:5      | Noticed Eustachio
  4536 | D:5      | Noticed Pikel
  4537 | D:5      | Noticed Grinder
  4552 | D:5      | Killed Grinder
  4553 | D:5      | Reached XP level 7. HP: 40/55 MP: 7/7
  4563 | D:5      | HP: 2/55 [Pikel/+2 whip of flaming (5)]
  4563 | D:5      | Slain by Pikel

Illustrated notes

Levels and vault maps discovered:
D:1:      onia_arrival_mini_spirals, layout_basic
D:2:      layout_basic, dreamdust_ecumenical_altar_drowned_temple, serial_shops,
          nicolae_shop_waterfront, minmay_misc_feat_ornament,
          nicolae_shop_unique_rings, nicolae_shop_vocational, uniq_robin
D:3:      layout_basic, solitary_fountain, hangedman_decor_clover_reticule,
          uniq_crazy_yiuf_cottage
D:4:      layout_basic, nicolae_elevator_lobby_asterisk
D:5:      layout_basic, mainiacjoe_overflow_catch_the_wave,
          nicolae_overflow_hidden_temple, uniq_grinder, uniq_sigmund,
          uniq_eustachio, uniq_pikel

Skill      XL: |  1  2  3  4  5  6 |
---------------+-------------------+-----
Maces & Flails | 3 4 |  4.8
Armour         | 4 |  4.7
Fighting       | 4 |  4.7
Shields        | 5 |  5.8

Action                   |  1- 3 |  4- 6 |  7- 9 || total
-------------------------+-------+-------+-------++-------
Melee: Flail             |   138 |   135 |    11 ||   284
  Use: Scroll            |       |     9 |       ||     9
       Potion            |       |     1 |       ||     1
Armor: Scale mail        |    43 |    38 |       ||    81
       Chain mail        |       |    20 |     2 ||    22
Dodge: Dodged            |    62 |    53 |     3 ||   118
Block: Buckler           |    38 |    38 |       ||    76
